 Dungeon Crawl Stone Soup version 0.31-a0-968-g24f9ace8b5 (webtiles) character file.

Game seed: 13918599480549161057

104 croobank the Sneak (level 4, -10/40 HPs)
             Began as a Draconian Delver on Oct 27, 2023.
             Mangled by a sleepcap (15 damage)
             ... on level 6 of the Dungeon.
             The game lasted 00:01:03 (87 turns).

croobank the Sneak (Draconian Delver)                 Turns: 87, Time: 00:01:03

Health: -10/40     AC:  5    Str: 15    XL:     4   Next: 52%
Magic:  10/13      EV:  2    Int: 12    God:
Gold:   0          SH:  0    Dex: 12    Spells: 3/3 levels left

rFire   . . .        a - +0 short sword
rCold   . . .        (no shield)
rNeg    . . .        (body armour unavailable)
rPois   .            (helmet restricted)
rElec   .            (no cloak)
rCorr   .            (no gloves)
SInv    .            (no boots)
Will    .....        (no amulet)
Stlth   +++          e - ring of magical power
HPRegen 0.26/turn    (no ring)
MPRegen 0.13/turn

%: no passive effects
@: sleeping
A: AC +5, unfitting armour, cold-blooded
a: no special abilities


You were on level 6 of the Dungeon.
You visited 1 branch of the dungeon, and saw 2 of its levels.

Inventory:

Hand Weapons
 a - a +0 short sword (weapon)
Jewellery
 e - a ring of magical power (left hand)
Wands
 f - a wand of digging (3)
Scrolls
 b - a scroll of fog
 c - a scroll of revelation
 d - a scroll of fear


   Skills:
 + Level 4.1 Fighting
 + Level 2.9 Short Blades
 + Level 2.6 Dodging
 + Level 5.0 Stealth


You had 3 spell levels left.
You didn't know any spells.
Your spell library was empty.

Dungeon Overview and Level Annotations

Branches:
Dungeon (6/15)
 Temple: D:4-7

Altars:


Innate Abilities, Weirdness & Mutations

Your plain brown scales are hard. (AC +5)
You cannot fit into any form of body armour.
You are cold-blooded and may be slowed by cold attacks.


Message History

The sleepcap releases spores at you!
You wake up.
You are engulfed in a cloud of soporific spores!
You are unaffected.
You hit the sleepcap but do no damage. The sleepcap releases spores at you!
* * * LOW HITPOINT WARNING * * *
You are engulfed in a cloud of soporific spores!
You are unaffected.
You hit the sleepcap but do no damage. The sleepcap closely misses you.
You hit the sleepcap but do no damage. You tail-slap the sleepcap.
The sleepcap is lightly damaged.
The sleepcap barely misses you.
You aren't carrying any potions.
Okay, then.
Unknown command.
You aren't carrying any potions.
You hit the sleepcap.
The sleepcap is lightly damaged.
The sleepcap misses you.
You hit the sleepcap but do no damage.
The sleepcap is lightly damaged.
The sleepcap barely misses you.
You hit the sleepcap but do no damage.
The sleepcap is lightly damaged.
The sleepcap releases spores at you but does no damage.
You hit the sleepcap. You tail-slap the sleepcap.
The sleepcap is heavily damaged.
You hit the sleepcap but do no damage.
The sleepcap is heavily damaged.
The sleepcap releases spores at you but does no damage.
You hit the sleepcap but do no damage.
The sleepcap is heavily damaged.
The sleepcap releases spores at you but does no damage.
You hit the sleepcap but do no damage.
The sleepcap is heavily damaged.
The sleepcap releases spores at you.
* * * LOW HITPOINT WARNING * * *
You are engulfed in a cloud of soporific spores!
You fall asleep.
The sleepcap releases spores at you!
You die...

########## #........#
#........## ## .##
#.........#####.##...
#....................
#[.......#####....#..
####.##### #.....(.#
#@# ##.#.###.# #f#
##....# # #.# #...#.#
##.# ##...#.#
...#####...##.#
#..........##.#
###.........#.##.
.......<..†......
........###...##.


You could see a sleepcap.

Vanquished Creatures
  A black bear (D:6)
  An adder (D:6)
2 creatures vanquished.

Notes
Turn   | Place    | Note
-------+----------+-------------------------------------------
     0 | D:5      | croobank the Draconian Delver began the quest for the Orb.
     0 | D:5      | Reached XP level 1. HP: 19/19 MP: 1/1
     1 | D:6      | Noticed a black bear
    10 | D:6      | Killed a black bear
    11 | D:6      | Reached skill level 5 in Stealth
    11 | D:6      | Reached XP level 2. HP: 21/27 MP: 2/2
    11 | D:6      | Reached XP level 3. HP: 26/33 MP: 3/3
    11 | D:6      | Reached XP level 4. HP: 31/40 MP: 4/4
    87 | D:6      | Mangled by a sleepcap

Illustrated notes

Levels and vault maps discovered:
D:5:      layout_cave_pods, nicolae_wu_jian_wuxing_cycle, uniq_menkaure
D:6:      layout_rooms, demons_altar, uniq_eustachio

Skill      XL: |  1 |
---------------+----+-----
Fighting       | 4 |  4.1
Dodging        | 2 |  2.6
Stealth        | 5 |  5.0
Short Blades   | |  2.9

Action                     |  1- 3 |  4- 6 || total
---------------------------+-------+-------++-------
  Melee: Short sword       |     6 |    18 ||    24
         Punch             |     1 |       ||     1
         Tailslap          |       |     4 ||     4
    Use: Potion            |     1 |       ||     1
   Stab: Sleeping          |     1 |       ||     1
 Armour: Skin              |     4 |    13 ||    17
  Dodge: Dodged            |     8 |     6 ||    14

Table legend: (Time is in decaauts)
 A = Elapsed time spent in this place.
 B = Non-inter-level travel time spent in this place.
 C = Inter-level travel time spent in this place.
 D = Time resting spent in this place.
 E = Time spent auto-exploring this place.
 F = Levels seen in this place.
 G = Mean time per level.
                   A        B        C        D        E       F      G
               +--------+--------+--------+--------+--------+-----+--------+
         Total |     64 |     64 |      0 |     23 |      0 |   2 |   32.0 |
       Dungeon |     64 |     64 |      0 |     23 |      0 |   2 |   32.0 |
               +--------+--------+--------+--------+--------+-----+--------+

Top non-repeatable levels by time:
     D:6: 63 daAuts
     D:5: 1 daAuts
